 Dungeon Crawl Stone Soup version 0.28-a0-628-g3c9886e45e (webtiles) character file.

Game seed: 17241354190978949040

17082 kae the Grappler (level 12, 0/122 HPs)
             Began as a Troll Fighter on Oct 8, 2021.
             Was a Believer of Makhleb.
             Slain by a salamander (7 damage)
             ... in a volcano.
             The game lasted 00:10:58 (11741 turns).

kae the Grappler (Troll Fighter)                   Turns: 11741, Time: 00:10:58

Health: 0/122      AC: 16    Str: 29    XL:     12   Next: 15%
Magic:  15/15      EV: 12    Int:  6    God:    Makhleb [**....]
Gold:   2843       SH:  0    Dex:  9    Spells: 11/11 levels left

rFire   + . .      SeeInvis .     - Unarmed
rCold   . . .      Faith    .   (no shield)
rNeg    . . .      Spirit   .   u - +0 steam dragon scales
rPois   .          Reflect  .   (helmet restricted)
rElec   .          Harm     .   i - +0 cloak
rCorr   .          Rampage  .   (gloves unavailable)
Will    .....                   (boots unavailable)
Stlth   +.........              j - amulet of magic regeneration
HPRegen 1.30/turn               A - ring of the Tortoise {AC+8}
MPRegen 0.39/turn               s - ring of protection from fire

@: no status effects
A: large, unfitting armour, claws 3, regeneration 1, shaggy fur 1, tough skin 1
a: Renounce Religion, Minor Destruction


You were in a volcano.
You worshipped Makhleb.
Makhleb was pleased with you.
You visited 3 branches of the dungeon, and saw 15 of its levels.
You also visited: Volcano.

You collected 2895 gold pieces.
You spent 52 gold pieces at shops.

Inventory:

Armour
 a - a +2 robe
 b - a +0 kite shield
 i - a +0 cloak (worn)
 u - +0 steam dragon scales (worn)
Jewellery
 j - an amulet of magic regeneration (around neck)
 s - a ring of protection from fire (right claw)
 y - an amulet of the acrobat
 A - the ring of the Tortoise (left claw) {AC+8}
   (You found it on level 9 of the Dungeon)

   [ring of protection]

   AC:        It affects your AC (+8).
 E - a +6 ring of intelligence
 F - a ring of ice
Wands
 h - a wand of charming (8)
 l - a wand of acid (10)
 o - a wand of flame (51)
 r - a wand of mindburst (16)
 z - a wand of digging (4)
 C - a wand of polymorph (7)
Scrolls
 f - 2 scrolls of enchant armour
 m - 2 scrolls of enchant weapon
 v - 3 scrolls of teleportation
 w - 3 scrolls of identify
 B - a scroll of blinking
Potions
 c - 4 potions of might
 d - 6 potions of mutation
 e - 2 potions of resistance
 g - 8 potions of curing
 k - 2 potions of haste
 n - a potion of brilliance
 q - 2 potions of cancellation
 t - a potion of heal wounds
 x - a potion of flight
 D - a potion of ambrosia


   Skills:
 + Level 8.4 Fighting
 + Level 8.4 Dodging
 - Level 2.4 Shields
 * Level 13.5 Unarmed Combat
 + Level 6.0 Invocations


You had 11 spell levels left.
You didn't know any spells.
Your spell library contained the following spells:

 Spells                   Type           Power      Damage    Failure   Level
 Scorch                   Fire           0%         2d5       58%         2
 Conjure Flame            Conj/Fire      0%         6-21      83%         3
 Frozen Ramparts          Ice            0%         1d2       83%         3
 Ignite Poison            Fire/Tmut/Pois 0%         N/A       83%         3
 Stone Arrow              Conj/Erth      0%         3d7       83%         3
 Animate Armour           Summ/Erth      0%         N/A       99%         4
 Dispel Undead            Necr           0%         3d6       99%         4
 Flame Wave               Conj/Fire      0%         3d3       99%         4
 Fulminant Prism          Conj/Hex       0%         3d6       99%         4
 Iskenderun's Mystic Bla  Conj/Tloc      0%         2d3       99%         4
 Sticky Flame             Conj/Fire      0%         2d3       99%         4
 Borgnjor's Vile Clutch   Necr/Erth      0%         N/A       100%        5
 Freezing Cloud           Conj/Ice/Air   0%         6-21      100%        5
 Lee's Rapid Deconstruct  Erth           0%         3d5*      100%        5
 Death Channel            Necr           0%         N/A       100%        6
 Simulacrum               Ice/Necr       0%         N/A       100%        6
 Summon Cactus Giant      Summ           0%         N/A       100%        6
 Lehudib's Crystal Spear  Conj/Erth      0%         10d2      100%        8
 Polar Vortex             Ice            0%         N/A       100%        9


Dungeon Overview and Level Annotations

Branches:
Dungeon (12/15)            Temple (1/1) D:7            Lair (2/6) D:11
    Orc (0/2) D:12        Volcano (1/1)
  Swamp: Lair:2-4    Shoals: Lair:2-4     Snake: Lair:2-4    Spider: Lair:2-4

Altars:
Ashenzari
Cheibriados
Dithmenos
Elyvilon
Fedhas
Gozag
Hepliaklqana
Kikubaaqudgha
Makhleb
Nemelex Xobeh
Okawaru
Qazlal
Ru
Sif Muna
Trog
Vehumet
Zin
The Shining One

Shops:
D:2 (   D:7 *   D:11 [

Annotations:
D:5 1 runed translucent door, Crazy Yiuf
D:11 3 runed translucent doors, emiel's ghost, journeyman GnWn


Innate Abilities, Weirdness & Mutations

You are too large for most types of armour.
You have claws for hands.
Your natural rate of healing is unusually fast.
You are covered in fur. (AC +1)
You have tough skin. (AC +1)


Message History

The plant is engulfed in a cloud of scalding steam.
The plant begins to die.
The plant is engulfed in a cloud of scalding steam. x2
The komodo dragon is engulfed in a cloud of scalding steam.
You mangle the komodo dragon!!
You kill the komodo dragon!
Makhleb accepts your kill.
The plant is engulfed in a cloud of scalding steam.
The plant begins to die.
The salamander hits you from afar with a +0 glaive!!
You are engulfed in flames.
You resist.
Your Invocations skill increases to level 6!
Aiming: Corrosive Bolt
Press: ? - help, Shift-Dir - straight line, f - salamander
Aim: a salamander, wielding a +0 glaive (lightly wounded, 83% to hit)
The bolt of acid hits the salamander.
The acid corrodes the salamander!
The salamander is lightly wounded.
The bolt of acid hits the komodo dragon!
The acid corrodes the komodo dragon!
The komodo dragon is severely wounded.
A nearby plant withers and dies.
The salamander hits you from afar with a +0 glaive!!
* * * LOW HITPOINT WARNING * * *
You are engulfed in flames!
You resist.
* * * LOW HITPOINT WARNING * * *
You feel much better.
A nearby plant withers and dies.
The steam dragon breathes steam at you.
The ball of steam hits the salamander.
The salamander resists.
The ball of steam misses you. The salamander closely misses you.
A demon appears!
You can no longer summon a lesser servant of Makhleb.
A nearby plant withers and dies.
The salamander hits you from afar with a +0 glaive!
* * * LOW HITPOINT WARNING * * *
You are engulfed in flames!
You resist.
* * * LOW HITPOINT WARNING * * *
The salamander hits you with a +0 glaive!
* * * LOW HITPOINT WARNING * * *
You are engulfed in flames!
You resist.
You die...

≈§§§PP .P.♣♣ °≈§P§.
♣..PP ≈§≈PP. P..P
≈P.P ..P §PD♣.. ♣♣♣♣
♣.§. ♣♣..♣♣♣♣
♣..♣♣♣♣♣♣♣.P....♣♣♣♣
♣...l♣§§3...P♣..♣.♣
♣♣..DN@§§PP♣♣♣♣♣..♣♣
♣♣♣♣♣§♣♣♣♣♣ ♣...♣♣
♣♣♣ ♣♣†♣.♣ ♣P..♣♣
♣♣...♣ #♣..♣P♣
##.....# #..∩..##
#..∩..#


You could see a salamander (corroded, ally target), a komodo dragon (corroded),
a steam dragon and a friendly neqoxec (summoned).

Vanquished Creatures
  A hydra (D:12)
  A two-headed ogre (D:9)
  A death yak (D:11)
  Nergalle (D:10)
  A deep elf pyromancer (D:12)
  2 cyclopes (D:11)
  2 manticores (D:12)
  A gargoyle (D:11)
  2 kobold demonologists
  An unseen horror (D:12)
  3 komodo dragons
  A troll (D:12)
  Grinder (D:4)
  Sigmund (D:6)
  A shadow (D:12)
  2 fire bats (Volcano)
  2 wyverns
  3 wraiths
  8 yaks (D:11)
  2 basilisks (D:11)
  2 steam dragons
  6 vampire mosquitoes
  Edmund (D:6)
  4 wargs (D:12)
  An acid dragon (D:11)
  4 water moccasins
  A hornet zombie (D:7)
  A black bear (D:5)
  8 orc warriors
  2 necrophages
  4 sky beasts
  7 centaurs
  2 ogres
  5 boggarts (D:10)
  5 kobold brigands
  A bullfrog (D:8)
  2 scorpions
  A water moccasin skeleton (D:5)
  5 howler monkeys
  2 jellies
  A bullfrog zombie (D:6)
  5 centaur zombies
  An iron imp (D:11)
  5 orc priests
  2 bullfrog skeletons
  A gnoll shaman (D:5)
  5 hounds
  4 iguanas
  13 orc wizards
  A hound zombie (D:5)
  4 gnolls (D:5)
  5 adders
  2 shadow imps
  2 white imps
  2 worms
  8 dart slugs
  45 orcs
  9 ball pythons
  3 endoplasms
  7 giant cockroaches
  7 goblins
  4 hobgoblins
  8 jackals
  5 quokkas
  4 bats
  3 frilled lizards (D:2)
  22 kobolds
  6 rats
285 creatures vanquished.

Vanquished Creatures (others)
  4 fungi
  12 plants
16 creatures vanquished.

Grand Total: 301 creatures vanquished

Notes
Turn   | Place    | Note
-------+----------+-------------------------------------------
     0 | D:1      | kae the Troll Fighter began the quest for the Orb.
     0 | D:1      | Reached XP level 1. HP: 22/22 MP: 0/0
   140 | D:1      | Reached XP level 2. HP: 28/29 MP: 1/1
   465 | D:1      | Found a faded altar of an unknown god.
   741 | D:2      | Reached XP level 3. HP: 36/36 MP: 2/2
   853 | D:2      | Found a glowing silver altar of Zin.
   959 | D:2      | Reached skill level 3 in Unarmed Combat
  1098 | D:2      | Found Lazunwa's Weapon Shoppe.
  1587 | D:3      | Reached XP level 4. HP: 44/44 MP: 3/3
  1971 | D:3      | Reached skill level 4 in Unarmed Combat
  1971 | D:3      | Reached XP level 5. HP: 53/53 MP: 4/4
  2425 | D:4      | Noticed a sky beast
  2468 | D:3      | Killed a sky beast
  2469 | D:3      | Reached XP level 6. HP: 57/61 MP: 5/5
  2475 | D:3      | Reached skill level 5 in Unarmed Combat
  3091 | D:4      | Noticed Grinder
  3098 | D:4      | Paralysed by Grinder for 3 turns
  3105 | D:4      | Paralysed by Grinder for 3 turns
  3121 | D:4      | Killed Grinder
  3122 | D:4      | Reached skill level 6 in Unarmed Combat
  3122 | D:4      | Reached XP level 7. HP: 56/70 MP: 6/6
  3335 | D:5      | Entered Level 5 of the Dungeon
  3449 | D:5      | Found a runed translucent door.
  3450 | D:5      | Noticed Crazy Yiuf
  3654 | D:5      | Reached XP level 8. HP: 79/79 MP: 7/7
  3803 | D:5      | Reached skill level 7 in Unarmed Combat
  3969 | D:5      | Reached skill level 5 in Fighting
  3969 | D:5      | Reached skill level 5 in Dodging
  4703 | D:6      | Noticed Sigmund
  4703 | D:6      | Noticed a kobold demonologist
  4712 | D:5      | Killed a kobold demonologist
  4713 | D:5      | Reached skill level 8 in Unarmed Combat
  4723 | D:6      | Killed Sigmund
  4724 | D:6      | Reached XP level 9. HP: 86/88 MP: 8/8
  4743 | D:6      | Reached skill level 9 in Unarmed Combat
  4755 | D:6      | Noticed Edmund
  4765 | D:6      | Killed Edmund
  5342 | D:6      | Found a bloodstained altar of Trog.
  5579 | D:7      | Found a staircase to the Ecumenical Temple.
  5601 | Temple   | Entered the Ecumenical Temple
  5642 | Temple   | Became a worshipper of Makhleb the Destroyer
  5728 | D:7      | Reached skill level 10 in Unarmed Combat
  5797 | D:7      | Reached skill level 1 in Invocations
  5814 | D:7      | Found Erphib Mall's General Store.
  5819 | D:7      | Bought a scroll of identify for 26 gold pieces
  5819 | D:7      | Bought a scroll of identify for 26 gold pieces
  6058 | D:7      | Reached XP level 10. HP: 97/100 MP: 10/10
  6126 | D:7      | Identified a scroll of acquirement
  6126 | D:7      | Acquired 905 gold pieces
  6810 | D:9      | Found the ring of the Tortoise {AC+8}
  7065 | D:9      | Reached * piety under Makhleb
  7129 | D:9      | Noticed a two-headed ogre
  7152 | D:9      | Killed a two-headed ogre
  7153 | D:9      | Reached skill level 11 in Unarmed Combat
  7611 | D:10     | Entered Level 10 of the Dungeon
  7628 | D:10     | Noticed Nergalle
  8377 | D:10     | Noticed a skeletal warrior
  8377 | D:10     | Noticed a skeletal warrior
  8590 | D:10     | Killed Nergalle
  8639 | D:10     | Reached XP level 11. HP: 109/109 MP: 11/13
  9100 | D:11     | Found a snail-covered altar of Cheibriados.
  9101 | D:11     | Acquired 1247 gold pieces
  9139 | D:11     | Reached ** piety under Makhleb
  9230 | D:11     | Found a runed translucent gate.
  9230 | D:11     | Found a runed translucent gate.
  9230 | D:11     | Found a runed translucent gate.
  9241 | D:11     | Noticed a death yak
  9280 | D:11     | Reached skill level 12 in Unarmed Combat
  9324 | D:11     | Killed a death yak
  9413 | D:11     | Found a staircase to the Lair.
  9530 | D:11     | Found Cuntid's Antique Armour Shoppe.
  9611 | D:11     | Got the Incunabulum of Black Arts and Snow
  9636 | D:11     | Reached skill level 5 in Invocations
  9756 | D:11     | Noticed emiel's ghost (journeyman GnWn)
  9952 | D:12     | Noticed a six-headed hydra
 10081 | D:12     | Noticed an eight-headed hydra
 10287 | D:12     | Reached skill level 13 in Unarmed Combat
 10296 | D:12     | Found a staircase to the Orcish Mines.
 10676 | D:12     | Found an opulent altar of Gozag.
 10691 | D:12     | Noticed a deep elf pyromancer
 10699 | D:12     | Killed a deep elf pyromancer
 10953 | D:12     | Reached XP level 12. HP: 71/120 MP: 15/15
 11258 | D:12     | Killed a 12-headed hydra
 11546 | Lair:1   | Entered Level 1 of the Lair of Beasts
 11561 | Lair:1   | Found a dark tunnel.
 11562 | Lair:1   | You fall into a shaft and drop 1 floor!
 11631 | Volcano  | Entered a volcano
 11731 | Volcano  | Reached *** piety under Makhleb
 11741 | Volcano  | Slain by a salamander

Illustrated notes

Levels and vault maps discovered:
D:1:      tarquinn_simple_flora_water_c, layout_loops_ring,
          shapermc_ecumenical_altar_mp_vishouse, grunt_decor_junction,
          minmay_misc_feat_doors
D:2:      layout_loops_corners, serial_shops, shop, basic_altar,
          kennysheep_generic_room_15
D:3:      layout_loops_corners
D:4:      layout_basic, serial_rivers, chequers_serial_rivers_small_a,
          chequers_serial_rivers_small_b, chequers_serial_rivers_micro_c,
          chequers_serial_rivers_micro_d, minmay_diced_spiral, uniq_grinder
D:5:      layout_basic, uniq_crazy_yiuf_cottage
D:6:      layout_loops_ring, lightli_temple_of_fire, uniq_edmund, uniq_sigmund
D:7:      layout_basic, minmay_temple_entry_overgrown, serial_shops, shop
D:8:      layout_loops_ring, st_stairs_5
D:9:      layout_small_grid, small_chamber_with_monster,
          kennysheep_generic_room_12
D:10:     layout_irregular_city, minmay_variable_closet, uniq_nergalle
D:11:     layout_roguey, david_lair_generic, gammafunk_ghost_icy, serial_shops,
          kennysheep_mini, slow_altar_1
D:12:     layout_roguey [special_room_orc], minmay_orc_entry_guard_dogs,
          serial_co_window_serial, co_window_corner_a, co_window_paths_a,
          co_window_paths_b, co_window_paths_a, co_window_corner_a,
          co_window_corner_cb, co_window_unsneaky_path_c, co_window_2corner,
          co_window_cross_4, co_window_broadway_a, co_window_unsneaky_path_e,
          co_window_corner_b, co_window_paths_e, glass_columns_a,
          glass_columns_c, glass_columns_a,
          nicolae_gozag_cash_rules_everything_around_me
Temple:   compressed_dpeg_circular_temple
Lair:1:   layout_regular_city, enter_volcano_1, ebering_ghost_xom,
          chequers_serial_rivers_micro_b
Lair:2:   layout_regular_city, minmay_shoals_entry_lonely_mermaid,
          guppyfry_snake_entry_island, gauntlet_entry_generic,
          lemuel_old_faithful, uniq_prince_ribbit2
Volcano:  pf_volcano_lost_world

Skill      XL: |  1  2  3  4  5  6  7  8  9 10 11 12 |
---------------+-------------------------------------+-----
Unarmed Combat | 3 4 6 8 10 11 13 | 13.5
Fighting       | 3 4 5 6 7 8 |  8.4
Dodging        | 3 4 5 6 7 8 |  8.4
Invocations    | 1 4 5 6 |  6.0
Shields        | |  2.4

Action                   |  1- 3 |  4- 6 |  7- 9 | 10-12 || total
-------------------------+-------+-------+-------+-------++-------
Melee: Unarmed           |   118 |   137 |   235 |   398 ||   888
       Punch             |     1 |     4 |    12 |    26 ||    43
Invok: Minor Destruction |       |       |       |     1 ||     1
       Lesser Servant of |       |       |       |     1 ||     1
Evoke: Wand              |       |       |     4 |     1 ||     5
  Use: Scroll            |     6 |     3 |     2 |    13 ||    24
       Potion            |       |       |       |     1 ||     1
 Stab: Sleeping          |       |     1 |       |       ||     1
Armor: Robe              |    32 |    44 |    61 |    16 ||   153
       Steam dragon scal |       |       |       |   238 ||   238
Dodge: Dodged            |    46 |    64 |    94 |   197 ||   401
Block: Kite shield       |    22 |       |       |       ||    22

Table legend: (Time is in decaauts)
 A = Elapsed time spent in this place.
 B = Non-inter-level travel time spent in this place.
 C = Inter-level travel time spent in this place.
 D = Time resting spent in this place.
 E = Time spent auto-exploring this place.
 F = Levels seen in this place.
 G = Mean time per level.
                   A        B        C        D        E       F      G
               +--------+--------+--------+--------+--------+-----+--------+
         Total |  11639 |  10925 |    714 |   1173 |   7800 |  16 |  727.4 |
       Dungeon |  11374 |  10743 |    631 |   1130 |   7740 |  12 |  947.8 |
        Temple |     74 |     42 |     32 |      0 |     24 |   1 |   74.0 |
          Lair |     86 |     35 |     51 |      0 |     16 |   2 |   43.0 |
       Volcano |    103 |    103 |      0 |     43 |     20 |   1 |  103.0 |
               +--------+--------+--------+--------+--------+-----+--------+

Top non-repeatable levels by time:
    D:10: 1416 daAuts
    D:12: 1381 daAuts
     D:5: 1367 daAuts
    D:11: 1021 daAuts
     D:2: 917 daAuts
     D:4: 889 daAuts
     D:3: 840 daAuts
     D:9: 812 daAuts
     D:8: 703 daAuts
     D:6: 691 daAuts
     D:1: 688 daAuts
     D:7: 645 daAuts
 Volcano: 103 daAuts
  Temple: 74 daAuts
  Lair:1: 57 daAuts
